 Dungeon Crawl Stone Soup version 0.24.0-123-gd5b16e6ec5 (webtiles) character file.

Game seed: 184734276840746535, levelgen mode: deterministic

4423 Elellon the Cleaver (level 10, -6/86 HPs)
             Began as a Hill Orc Fighter on Jan 16, 2020.
             Was an Elder of Okawaru.
             Shot with an arrow by a centaur (9 damage)
             ... on level 8 of the Dungeon.
             The game lasted 00:13:02 (7671 turns).

Elellon the Cleaver (Hill Orc Fighter)              Turns: 7671, Time: 00:13:03

Health: -6/86      AC: 15    Str: 23    XL:     10   Next: 36%
Magic:  10/10      EV:  6    Int:  8    God:    Okawaru [****..]
Gold:   707        SH: 10    Dex: 10    Spells: 9/9 levels left

rFire    . . .     SeeInvis .   a - +0 war axe
rCold    . . .     Gourm    .   c - +0 shield
rNeg     . . .     Faith    .   p - +3 chain mail {rPois}
rPois    +         Spirit   .   s - +0 helmet
rElec    .         Reflect  .   (no cloak)
rCorr    .         Harm     .   (no gloves)
MR       .....                  l - +0 pair of boots
Stlth    ..........             (no amulet)
HPRegen  0.24/turn              (no ring)
MPRegen  0.12/turn              (no ring)

@: no status effects
A: no striking features
a: Heroism, Renounce Religion


You were on level 8 of the Dungeon.
You worshipped Okawaru.
Okawaru was greatly pleased with you.
You were not hungry.

You visited 1 branch of the dungeon, and saw 8 of its levels.
You also visited: Ossuary.

You collected 707 gold pieces.

Inventory:

Hand Weapons
 a - a +0 war axe (weapon)
 t - a +8 club
Missiles
 w - 66 poisoned darts (quivered)
Armour
 c - a +0 shield (worn)
 g - a +0 plate armour
 l - a +0 pair of boots (worn)
 p - a +3 chain mail of poison resistance (worn)
 s - a +0 helmet (worn)
Jewellery
 J - an uncursed amulet of rage
Wands
 o - a wand of digging (2)
 q - a wand of random effects (47)
 v - a wand of iceblast (7)
 y - a wand of polymorph (19)
 A - a wand of flame (19)
 F - a wand of paralysis (8)
Scrolls
 b - 3 scrolls of magic mapping {unknown}
 e - a scroll of amnesia {unknown}
 h - 8 scrolls of remove curse
 i - 5 scrolls of teleportation
 j - a scroll of identify
 n - a scroll of fear {unknown}
 C - a scroll of enchant armour {unknown}
 I - a scroll of immolation {unknown}
Potions
 d - 2 potions of might
 k - a potion of agility
 m - 3 potions of magic
 r - 5 potions of lignification
 u - 5 potions of curing
 z - 3 potions of ambrosia
 B - 2 potions of resistance
 D - a potion of flight
 E - a potion of invisibility
 G - a potion of cancellation
Comestibles
 f - 16 rations
 H - 14 chunks of flesh


   Skills:
 + Level 7.1 Fighting
 - Level 12.3(13.4) Axes
 * Level 7.8(10.2) Maces & Flails
 + Level 6.4 Armour
 + Level 6.4 Shields


You had 9 spell levels left.
You didn't know any spells.
Your spell library contained the following spells:

 Spells                   Type           Power        Failure   Level  Hunger
 Freeze                   Ice            #...         100%        1    ##.....
 Magic Dart               Conj           #...         100%        1    ##.....
 Sandblast                Erth           #.....       100%        1    ##.....
 Blink                    Tloc           N/A          100%        2    ###....
 Call Imp                 Summ           #.......     100%        2    ###....
 Passwall                 Tmut/Erth      #.......     100%        2    ###....
 Slow                     Hex            #.......     100%        2    ###....
 Throw Frost              Conj/Ice       #.....       100%        2    ###....
 Conjure Flame            Conj/Fire      #.......     100%        3    ####...
 Mephitic Cloud           Conj/Pois/Air  #.......     100%        3    ####...
 Ozocubu's Armour         Chrm/Ice       #.......     100%        3    ####...
 Stone Arrow              Conj/Erth      #.....       100%        3    ####...
 Petrify                  Tmut/Erth      #.......     100%        4    #####..
 Summon Ice Beast         Ice/Summ       #.......     100%        4    #####..
 Throw Icicle             Conj/Ice       #.......     100%        4    #####..
 Lee's Rapid Deconstruct  Erth           #.........   100%        5    ######.


Dungeon Overview and Level Annotations

Branches:
Dungeon (8/15)             Temple (0/1) D:7         Ossuary (visited)
   Lair: D:8-11

Altars:
Ashenzari
Gozag
Hepliaklqana
Makhleb
Okawaru
Qazlal
Sif Muna
Vehumet
Wu Jian
Yredelemnul

Shops:
D:5 ==[[


Message History

You open the door.
A centaur comes into view.
The centaur shouts!
The centaur wields a +0 shortbow.
The centaur shoots an arrow.
You block the arrow.
A howler monkey comes into view.
You hear an angry hiss.
You close the door.
A centaur opens the door.
The centaur shoots an arrow.
The arrow hits you but does no damage.
You see here an arrow.
The centaur shoots an arrow.
The arrow hits you.
* * * LOW HITPOINT WARNING * * *
An adder comes into view.
A jackal skeleton comes into view.
The centaur shoots an arrow.
The arrow hits you!
* * * LOW HITPOINT WARNING * * *
You see here an arrow.
The centaur shoots an arrow.
The arrow hits you!
You die...

Z.. ##S###
#.c..#
##.#######
#(#..#..#####
#.#..#..#...#
#.#..'..#...#
##(#).#..#...#
##.@#..#..#...#
#...#รท#####...#
#.............#
#....+........#
#######.......#
#.......#
#.......#
#.......# ####
#.......#


You could see a centaur and an adder.

Vanquished Creatures
  Grinder (D:4)
  A hippogriff (D:7)
  Sigmund (D:4)
  A human (D:8)
  4 hogs (D:8)
  A hungry ghost (D:7)
  Edmund (D:4)
  Duvessa (D:4)
  An orc warrior (D:6)
  2 ice beasts (D:7)
  4 sky beasts
  A phantom (D:5)
  2 ogres
  2 centaurs (D:6)
  2 bullfrogs
  5 scorpions
  Dowan (D:4)
  5 wights (D:7)
  A centaur zombie (D:6)
  3 crimson imps
  A bullfrog zombie (D:6)
  3 hounds
  A bullfrog skeleton (D:6)
  An orc priest (D:4)
  Crazy Yiuf (D:3)
  3 iguanas
  Ijyb (D:3)
  Terence (D:2)
  5 orc wizards
  6 worker ants
  A big kobold zombie (Ossuary)
  A hound zombie (D:5)
  8 mummies (Ossuary)
  11 adders
  An ooze (D:3)
  A worm zombie (D:7)
  3 adder skeletons
  4 worms
  3 dart slugs
  5 leopard geckos
  32 orcs
  A giant cockroach (D:4)
  3 gnoll zombies (Ossuary)
  11 goblins
  5 hobgoblins
  12 jackals
  7 kobolds
  A quokka (D:5)
  2 bats (D:2)
  8 frilled lizards
  A hobgoblin zombie (Ossuary)
  3 kobold zombies (Ossuary)
  A leopard gecko skeleton (D:5)
  A quokka skeleton (D:4)
  2 rats
191 creatures vanquished.

Notes
Turn   | Place    | Note
-------+----------+-------------------------------------------
     0 | D:1      | Elellon the Hill Orc Fighter began the quest for the Orb.
     0 | D:1      | Reached XP level 1. HP: 19/19 MP: 1/1
    14 | D:1      | Reached skill level 3 in Axes
   179 | D:1      | Reached XP level 2. HP: 26/26 MP: 2/2
   227 | D:1      | Reached skill level 4 in Axes
   524 | D:2      | Reached XP level 3. HP: 31/31 MP: 3/3
   597 | D:2      | Found a shimmering blue altar of Sif Muna.
   791 | D:2      | Reached skill level 5 in Axes
   959 | D:2      | Noticed Terence
   977 | D:2      | Killed Terence
   977 | D:2      | Reached XP level 4. HP: 23/39 MP: 4/4
  1101 | D:2      | Found an ornate altar of the Wu Jian Council.
  1370 | D:3      | Reached skill level 6 in Axes
  1451 | D:3      | Found a runed translucent door.
  1452 | D:3      | Noticed Crazy Yiuf
  1459 | D:3      | Killed Crazy Yiuf
  1459 | D:3      | Reached XP level 5. HP: 39/45 MP: 3/5
  1613 | D:3      | Found a faded altar of an unknown god.
  1749 | D:3      | Noticed Ijyb
  1771 | D:3      | Killed Ijyb
  1771 | D:3      | Reached skill level 7 in Axes
  2428 | D:3      | Reached skill level 8 in Axes
  2428 | D:3      | Reached XP level 6. HP: 47/51 MP: 6/6
  2810 | D:4      | Noticed Sigmund
  2820 | D:4      | Killed Sigmund
  2820 | D:4      | Reached skill level 9 in Axes
  2820 | D:4      | Reached XP level 7. HP: 53/57 MP: 7/7
  2825 | D:4      | Reached skill level 10 in Axes
  3129 | D:4      | Found an iron altar of Okawaru.
  3129 | D:4      | Found a stormy altar of Qazlal.
  3130 | D:4      | Found a hazy altar of Hepliaklqana.
  3137 | D:4      | Became a worshipper of Warmaster Okawaru
  3150 | D:4      | Noticed Duvessa
  3152 | D:4      | Noticed Dowan
  3168 | D:4      | Killed Dowan
  3171 | D:4      | Killed Duvessa
  3171 | D:4      | Reached skill level 11 in Axes
  3485 | D:4      | Noticed Edmund
  3503 | D:4      | Killed Edmund
  3503 | D:4      | Reached XP level 8. HP: 54/64 MP: 8/8
  3519 | D:4      | Noticed Grinder
  3539 | D:4      | Killed Grinder
  3539 | D:4      | Reached * piety under Okawaru
  3539 | D:4      | Reached skill level 12 in Axes
  4127 | D:4      | Found a radiant altar of Vehumet.
  4130 | D:4      | Found an opulent altar of Gozag.
  4133 | D:4      | Found a burning altar of Makhleb.
  4192 | D:5      | Entered Level 5 of the Dungeon
  4239 | D:5      | Reached skill level 1 in Maces & Flails
  4283 | D:5      | Found a shattered altar of Ashenzari.
  4366 | D:5      | Found Axkubrun's Jewellery Emporium.
  4610 | D:5      | Found Weubesk's Armour Shoppe.
  4651 | D:5      | Reached XP level 9. HP: 72/72 MP: 9/9
  4674 | D:5      | Found Hagiott's Armour Emporium.
  4745 | D:5      | Found Cepnu's Jewellery Emporium.
  4907 | D:6      | You fall into a shaft and drop 1 floor!
  4958 | D:7      | Reached ** piety under Okawaru
  4958 | D:7      | Reached skill level 5 in Fighting
  5067 | D:7      | Found a sand-covered staircase.
  5079 | Ossuary  | Entered an ossuary
  5695 | D:7      | Reached skill level 5 in Maces & Flails
  5700 | D:7      | Reached skill level 5 in Armour
  5700 | D:7      | Reached skill level 5 in Shields
  6163 | D:6      | Reached *** piety under Okawaru
  6898 | D:6      | Found a basalt altar of Yredelemnul.
  7057 | D:7      | Reached XP level 10. HP: 70/84 MP: 10/10
  7059 | D:7      | Found a staircase to the Ecumenical Temple.
  7628 | D:8      | Reached **** piety under Okawaru
  7670 | D:8      | HP: 3/86 [centaur/arrow (7)]
  7671 | D:8      | Shot with an arrow by a centaur

Levels and vault maps discovered:
D:1:      nzn_arrival_crosshair, layout_rooms
D:2:      layout_loops_ring, lemuel_doored_altar, overflow_temple_1_default,
          hex_medium, uniq_terence
D:3:      minmay_spotlight, layout_basic, chequers_ecumenical_altar_grove,
          uniq_ijyb, uniq_crazy_yiuf_cottage
D:4:      layout_loops_ring, grunt_temple_overflow_diamond,
          gammafunk_temple_overflow_forgotten, kennysheep_boxes, uniq_grinder,
          uniq_edmund, uniq_duvessa, uniq_sigmund
D:5:      layout_rooms, overflow_temple_1_default, first_ration, serial_shops,
          shop, kennysheep_mini, nicolae_shop_stone,
          nicolae_shop_window_shopping, sigmund_army
D:6:      layout_gridville, old_standard_altar, kennysheep_generic_room_13
D:7:      layout_gridville, minmay_temple_entry_glassed_door, enter_ossuary_3
D:8:      minmay_octagon_keep, layout_gridville, grunt_livestock, uniq_psyche

Skill      XL: |  1  2  3  4  5  6  7  8  9 10 |
---------------+-------------------------------+-----
Axes           | 3 4 5 6 8 9 11 12 | 12.3
Maces & Flails | 3 6 7 |  7.8
Fighting       | 4 6 7 |  7.1
Armour         | 4 5 6 |  6.4
Shields        | 4 5 6 |  6.4

Action                   |  1- 3 |  4- 6 |  7- 9 | 10-12 || total
-------------------------+-------+-------+-------+-------++-------
Melee: War axe           |    99 |   168 |   522 |    97 ||   886
Invok: Heroism           |       |       |       |     1 ||     1
  Use: Scroll            |       |     2 |     1 |    10 ||    13
  Eat: Chunk             |       |     7 |    13 |     2 ||    22
       Ration            |       |       |     1 |       ||     1
Armor: Scale mail        |    36 |       |       |       ||    36
       Plate armour      |    12 |       |       |       ||    12
       Chain mail        |       |    83 |   238 |    47 ||   368
Dodge: Dodged            |    18 |    24 |    94 |    16 ||   152
Block: Shield            |    46 |    62 |   198 |    52 ||   358
